 Dungeon Crawl Stone Soup version 0.20-a0-1008-g0de3dc5 (webtiles) character file.

289 Monsterracer the Gusty (level 6, 0/32 HPs)
             Began as a Tengu Air Elementalist on Apr 14, 2017.
             Succumbed to a hornet's poison
             ... on level 3 of the Dungeon.
             The game lasted 00:15:26 (4176 turns).

Monsterracer the Gusty (Tengu Air Elementalist)     Turns: 4176, Time: 00:15:26

Health: 0/32       AC:  3    Str:  8    XL:     6   Next: 31%
Magic:  6/11       EV: 13    Int: 18    God:
Gold:   119        SH:  0    Dex: 16    Spells: 4/10 levels left

rFire    . . .     SeeInvis .   i - +0 dagger
rCold    . . .     Gourm    .   (no shield)
rNeg     . . .     Faith    .   a - +1 robe
rPois    .         Spirit   .   (helmet restricted)
rElec    .         Reflect  .   (no cloak)
rCorr    .         Harm     .   (no gloves)
MR       .....                  (boots unavailable)
Stlth    +++.......             (no amulet)
Regen    0.1/turn               (no ring)
MPRegen  0.2/turn               (no ring)

@: lethally poisoned (0 -> -9), swift (expiring), quick
A: beak, talons 3, thin skeletal structure 1, sense surroundings 1, able to fly
1
a: Fly


You were on level 3 of the Dungeon.
You were not hungry.

You visited 1 branch of the dungeon, and saw 4 of its levels.

You collected 119 gold pieces.

Inventory:

Hand Weapons
 i - a +0 dagger (weapon)
Armour
 a - a +1 robe (worn)
Scrolls
 h - a scroll of fear
 j - 4 scrolls of remove curse
 k - 6 scrolls of identify
 m - a scroll of recharging
 n - a scroll of enchant armour
Books
 b - a book of Air

   Spells                             Type                      Level
   a - Shock                          Conjuration/Air              1
   b - Swiftness                      Charms/Air                   2
   c - Static Discharge               Conjuration/Air              3
   d - Airstrike                      Air                          4
   e - Lightning Bolt                 Conjuration/Air              5
Comestibles
 c - 6 bread rations
 d - a royal jelly
 g - a fruit


   Skills:
 - Level 2.1 Dodging
 - Level 2.0 Stealth
 + Level 2.7 Spellcasting
 + Level 6.0 Conjurations
 + Level 6.1 Air Magic


You had 4 spell levels left.
You knew the following spells:

 Your Spells              Type           Power        Failure   Level  Hunger
a - Shock                 Conj/Air       ###.         1%          1    None
b - Swiftness             Chrm/Air       ##......     10%         2    ##.....
c - Static Discharge      Conj/Air       ###.....     4%          3    ###....


Dungeon Overview and Level Annotations

Branches:
Dungeon (4/15)
 Temple: D:4-7

Altars:
Dithmenos
Fedhas
Sif Muna
Xom
The Shining One


Innate Abilities, Weirdness & Mutations

You have a beak for a mouth.
You have claws for feet.
You can fly.
You have a somewhat thin skeletal structure. (Dex +2, Stealth)
You passively map a small area around you.


Message History

You feel very sick.
You feel sick.
* * * LOW HITPOINT WARNING * * *
You feel sick.
* * * LOW HITPOINT WARNING * * *
You feel sick.
You start to feel a little slower.
* * * LOW HITPOINT WARNING * * *
You feel sick.
* * * LOW HITPOINT WARNING * * *
You feel sick.
There is a stone staircase leading up here.
You feel yourself speed up.
* * * LOW HITPOINT WARNING * * *
You feel sick.
You climb upwards.
* * * LOW HITPOINT WARNING * * *
You feel sick.
There is a stone staircase leading down here.
You die...

#..)..#......# #.###.#.####.# #.#
#.#.####.##### #.# #............#
#### #####'###...####.#.### ...#
#................#.# ...#
#........#...#####.#
...########..................#
................@#.#..#.#########
.....#######.....................
####.##...##..######....#########
...#..'......................#
...#.##<......###.#........#.#
.###'###..##'####..........#.#
##PP÷..####.....#..#....##.#.####
P...⌠...P.+.....'...............#
.P......###.....#.##...#.#.#.##.#


There were no monsters in sight!

Vanquished Creatures
  A scorpion (D:3)
  An orc wizard (D:4)
  An orc priest (D:4)
  An iguana (D:4)
  5 adders
  2 oozes
  3 worms
  6 dart slugs
  5 leopard geckos
  4 orcs
  10 bats
  4 giant cockroaches
  5 goblins
  7 hobgoblins
  6 jackals
  2 quokkas (D:3)
  2 ball pythons (D:1)
  A frilled lizard (D:2)
  8 kobolds
  2 rats
76 creatures vanquished.

Notes
Turn   | Place    | Note
-------+----------+-------------------------------------------
     0 | D:1      | Monsterracer the Tengu Air Elementalist began the quest for the Orb.
     0 | D:1      | Reached XP level 1. HP: 10/10 MP: 4/4
   298 | D:1      | Reached XP level 2. HP: 15/15 MP: 1/6
   302 | D:1      | Learned a level 2 spell: Swiftness
   683 | D:1      | Reached XP level 3. HP: 19/19 MP: 0/7
   754 | D:1      | Learned a level 3 spell: Static Discharge
  1875 | D:2      | Reached skill level 5 in Air Magic
  2028 | D:2      | Reached XP level 4. HP: 24/24 MP: 1/8
  2280 | D:3      | Found a blossoming altar of Fedhas.
  2280 | D:3      | Found a glowing golden altar of the Shining One.
  2280 | D:3      | Found a shadowy altar of Dithmenos.
  2301 | D:3      | Found a shimmering altar of Xom.
  2414 | D:3      | Gained mutation: You have a somewhat thin skeletal structure. (Dex +2, Stealth) [potion of mutation]
  2414 | D:3      | Gained mutation: You passively map a small area around you. [potion of mutation]
  3076 | D:3      | Gained mutation: You can fly. [Tengu growth]
  3076 | D:3      | Reached XP level 5. HP: 28/28 MP: 5/9
  3128 | D:3      | Reached skill level 5 in Conjurations
  3437 | D:3      | Found a deep blue altar of Sif Muna.
  3977 | D:4      | Reached XP level 6. HP: 32/32 MP: 5/10
  4154 | D:4      | Noticed a hornet
  4175 | D:3      | HP: 1/32 [poisoned by a hornet]
  4176 | D:3      | Succumbed to a hornet's poison

Vault maps used:
D:1:      minmay_arrival_up_and_down
D:3:      lemuel_crystal_altar, gammafunk_temple_overflow_forgotten,
          overflow_temple_1_default, first_bread
D:4:      temple_statues, enter_ossuary_1, minmay_misc_feat_encased

Skill      XL: |  1  2  3  4  5  6 |
---------------+-------------------+-----
Conjurations   | 2 3 4 5 6 |  6.0
Air Magic      | 5 6 |  6.1
Dodging        | |  2.1
Stealth        | |  2.0
Spellcasting   | |  2.7

Action                   |  1- 3 |  4- 6 || total
-------------------------+-------+-------++-------
Melee: Unarmed           |     7 |       ||     7
       Kick              |     6 |     1 ||     7
       Peck              |     3 |       ||     3
       Dagger            |    11 |     6 ||    17
 Cast: Shock             |    78 |    99 ||   177
       Static Discharge  |       |     4 ||     4
       Swiftness         |       |     1 ||     1
  Use: Potion            |     2 |     4 ||     6
       Scroll            |       |     9 ||     9
 Stab: Sleeping          |     1 |       ||     1
  Eat: Chunk             |     4 |     9 ||    13
Armor: Robe              |     8 |     4 ||    12
Dodge: Dodged            |    10 |    22 ||    32
